 Dungeon Crawl Stone Soup version 0.26-a0-67-g850bfe61e3 (webtiles) character file.

Game seed: 11630447508054354606

181 MarredHen the Sneak (level 5, -7/26 HPs)
             Began as a Spriggan Assassin on June 11, 2020.
             Was a Believer of Wu Jian.
             Mangled by an orc
             ... wielding a +1 dagger of electrocution
              (16 damage)
             ... on level 3 of the Dungeon.
             The game lasted 00:03:40 (2275 turns).

MarredHen the Sneak (Spriggan Assassin)             Turns: 2275, Time: 00:03:46

Health: -7/26      AC:  3    Str:  7    XL:     5   Next: 34%
Magic:  6/6        EV: 19    Int: 12    God:    Wu Jian [**....]
Gold:   94         SH:  0    Dex: 19    Spells: 4/4 levels left

rFire    + . .     SeeInvis +   k - +2 short sword (elec)
rCold    . . .     Gourm    .   (shield restricted)
rNeg     . . .     Faith    .   b - +0 robe
rPois    +         Spirit   .   (helmet restricted)
rElec    .         Reflect  .   c - +0 cloak
rCorr    .         Harm     .   (gloves unavailable)
MR       .....                  (boots unavailable)
Stlth    ++++......             (no amulet)
HPRegen  0.08/turn              u - ring of poison resistance
MPRegen  0.10/turn              s - ring of protection from fire

@: very quick
A: very small, unfitting armour, see invisible, herbivore, speed 3, slow
metabolism 2
a: Wall Jump, Renounce Religion


You were on level 3 of the Dungeon.
You worshipped Wu Jian.
Wu Jian was pleased with you.
You were not hungry.

You visited 1 branch of the dungeon, and saw 3 of its levels.

You collected 94 gold pieces.

Inventory:

Hand Weapons
 k - a +2 short sword of electrocution (weapon)
Armour
 b - a +0 robe (worn)
 c - a +0 cloak (worn)
Jewellery
 s - a ring of protection from fire (right hand)
 u - a ring of poison resistance (left hand)
 w - an uncursed ring of protection from cold
 y - an uncursed ring of magical power
Wands
 t - a wand of random effects (16)
Scrolls
 g - 2 scrolls of fear {unknown}
 h - 3 scrolls of identify
 i - a scroll of remove curse {unknown}
 m - a scroll of enchant armour {unknown}
 n - 4 scrolls of enchant weapon {unknown}
 o - a scroll of amnesia {unknown}
 p - 2 scrolls of teleportation {unknown}
 v - a scroll of noise {unknown}
Potions
 a - 3 potions of curing {unknown}
 j - a potion of cancellation {unknown}
 l - a potion of brilliance {unknown}
 q - a potion of mutation {unknown}
 r - a potion of magic {unknown}
 x - a potion of might {unknown}
Comestibles
 f - 9 rations


   Skills:
 + Level 2.3 Fighting
 + Level 3.1 Short Blades
 + Level 2.9 Throwing
 + Level 3.2 Dodging
 + Level 7.6 Stealth


You had 4 spell levels left.
You didn't know any spells.
Your spell library was empty.

Dungeon Overview and Level Annotations

Branches:
Dungeon (3/15)

Altars:
Qazlal
Wu Jian


Innate Abilities, Weirdness & Mutations

You are very small and have problems with some larger weapons.
You are too small for most types of armour.
You have supernaturally acute eyesight. (SInv)
You are a herbivore.
You cover ground extremely quickly.
You need to consume almost no food.


Message History

The orc wizard barely misses you.
You puncture the orc wizard!
The orc wizard is heavily wounded.
The orc wizard closely misses you.
You hit the orc.
The orc is heavily wounded.
The orc hits you with a +1 dagger of electrocution.
You are electrocuted!
The orc wizard hits you but does no damage.
You hit the orc but do no damage.
The orc is heavily wounded.
The orc wizard completely misses you.
The orc hits you with a +1 dagger of electrocution.
You hit the orc wizard.
Lightning courses through the orc wizard!
You kill the orc wizard!
The Council accepts your kill. The orc hits you but does no damage.
You are electrocuted!
Ouch! That really hurt!
You die...

........ ...... ........
##..... ........ .......
........###.....
...............
.....##...#†... #
##...###.... ##..#####
##...>.##.... ...(((o@##
#.......#....
....>.#).###.......#.###
..... ##.............##.
.... #####............
... #..........#. ..
#..........#. .
...........#.
............#.
...#...#....#.


You could see an orc.

Vanquished Creatures
  An orc wizard (D:3)
  6 adders
  An ooze (D:1)
  A worm (D:2)
  2 dart slugs (D:2)
  A leopard gecko (D:3)
  10 orcs (D:3)
  A giant cockroach (D:1)
  6 hobgoblins
  10 jackals
  12 bats
  3 frilled lizards
  12 goblins
  7 kobolds
  3 rats
76 creatures vanquished.

Notes
Turn   | Place    | Note
-------+----------+-------------------------------------------
     0 | D:1      | MarredHen the Spriggan Assassin began the quest for the
                  | Orb.
     0 | D:1      | Reached XP level 1. HP: 10/10 MP: 2/2
    67 | D:1      | Reached skill level 6 in Stealth
   128 | D:1      | Reached XP level 2. HP: 10/14 MP: 3/3
   887 | D:2      | Reached skill level 7 in Stealth
   887 | D:2      | Reached XP level 3. HP: 18/18 MP: 4/4
  1219 | D:2      | Reached XP level 4. HP: 23/23 MP: 5/5
  1732 | D:3      | Found a faded altar of an unknown god.
  1762 | D:3      | Became a worshipper of the Wu Jian Council
  1762 | D:3      | Reached * piety under Wu Jian
  2119 | D:3      | Found a stormy altar of Qazlal.
  2235 | D:3      | Reached XP level 5. HP: 26/26 MP: 6/6
  2249 | D:3      | Reached ** piety under Wu Jian
  2275 | D:3      | Mangled by an orc

Illustrated notes

Levels and vault maps discovered:
D:1:      ebering_hopf_link, layout_basic
D:2:      minmay_razor_zed, layout_loops_ring, first_ration
D:3:      layout_rooms, grunt_qazlal_clouds, chequers_ecumenical_altar_simple

Skill      XL: |  1  2  3  4  5 |
---------------+----------------+-----
Stealth        | 6 7 |  7.6
Dodging        | 2 3 |  3.2
Fighting       | 2 |  2.3
Short Blades   | 3 |  3.1
Throwing       | |  2.9

Action                   |  1- 3 |  4- 6 || total
-------------------------+-------+-------++-------
Melee: Dagger            |    34 |       ||    34
       Short sword       |    31 |    90 ||   121
Throw: Dart              |       |    14 ||    14
Invok: Lunge             |       |     3 ||     3
       Whirlwind         |       |     3 ||     3
  Use: Scroll            |       |     3 ||     3
 Stab: Sleeping          |    14 |     5 ||    19
       Distracted        |     1 |     1 ||     2
Armor: Robe              |    10 |     7 ||    17
Dodge: Dodged            |    41 |    72 ||   113

Table legend:
 A = Non-vault XP
 B = Vault XP
 C = Vault XP percentage of total XP
 D = Non-vault monster count
 E = Vault monster count
 F = Vault count percentage of total count
                 A         B        C        D         E       F
            +---------+---------+-------+---------+---------+-------
      Total |     222 |      37 |  14.3 |      68 |       8 |  10.5
            +---------+---------+-------+---------+---------+-------
        D:1 |      34 |       0 |   0.0 |      18 |       0 |   0.0
        D:2 |      62 |      37 |  37.4 |      14 |       8 |  36.4
        D:3 |     126 |       0 |   0.0 |      36 |       0 |   0.0
            +---------+---------+-------+---------+---------+-------
